 Dungeon Crawl Stone Soup version 0.19-a0-1007-g133f65f (webtiles) character file.

53 Gingerlord the Covered (level 3, -4/33 HPs)
             Began as a Minotaur Fighter on July 20, 2016.
             Slain by a gnoll
             ... wielding a +3 whip of electrocution
              (13 damage)
             ... on level 3 of the Dungeon.
             The game lasted 00:03:08 (1047 turns).

Gingerlord the Covered (Minotaur Fighter)           Turns: 1047, Time: 00:03:08

Health: -4/33      AC: 10    Str: 20    XL:     3   Next: 64%
Magic:  2/2        EV:  6    Int:  5    God:
Gold:   52         SH: 10    Dex: 10    Spells: 0 memorised, 2 levels left

rFire  . . .     SeeInvis .     a - +0 war axe
rCold  . . .     Gourm    .     e - +0 chain mail
rNeg   . . .     Faith    .     c - +1 shield
rPois  .         Spirit   .     (helmet restricted)
rElec  .         Dismiss  .     (no cloak)
rCorr  .         Reflect  .     n - +0 pair of gloves
SustAt .         Harm     .     (no boots)
MR     .....                    (no amulet)
Stlth  ..........               k - ring of ice
                                q - ring of fire

@: not resistant to hostile enchantments, extremely unstealthy
A: retaliatory headbutt, horns 2
a: no special abilities


You were on level 3 of the Dungeon.
You were hungry.

You visited 1 branch of the dungeon, and saw 3 of its levels.

You collected 52 gold pieces.

Inventory:

Hand Weapons
 a - a +0 war axe (weapon)
Armour
 b - a +0 scale mail
 c - a +1 shield (worn)
 e - a +0 chain mail (worn)
 n - a +0 pair of gloves (worn)
Jewellery
 k - a ring of ice (right hand)
 q - a ring of fire (left hand)
Scrolls
 g - a scroll of identify
 o - a scroll of enchant armour
 t - 2 scrolls of blinking
 u - a scroll of noise {unknown}
 v - a scroll of recharging {unknown}
Potions
 d - 2 potions of might
 j - a potion of heal wounds {unknown}
 l - a potion of curing
 m - a potion of flight {unknown}
 s - a potion of lignification {unknown}
Comestibles
 f - 2 bread rations
 h - 3 beef jerkies


   Skills:
 + Level 4.0 Fighting
 + Level 2.9 Axes
 + Level 4.2 Armour
 + Level 1.4 Dodging
 + Level 4.1 Shields


You had 2 spell levels left.
You didn't know any spells.

Dungeon Overview and Level Annotations

Branches:
Dungeon (3/15)

Altars:
Pakellas


Innate Abilities, Weirdness & Mutations

You reflexively headbutt those who attack you in melee.
You have a pair of horns on your head.


Message History

There are monsters nearby!
There are monsters nearby!
There are monsters nearby!
There are monsters nearby!
There are monsters nearby!
Your shield and chain mail prevent you from hitting the gnoll.
Your headbutt misses the gnoll. The gnoll hits you but does no damage.
You are electrocuted!
Ouch! That really hurt!
The gnoll hits you but does no damage.
You closely miss the gnoll. You block the gnoll's attack.
Your chain mail prevents you from hitting the gnoll.
The gnoll hits you with a whip of electrocution.
The gnoll hits you but does no damage.
You hit the gnoll.
The gnoll is lightly wounded.
The gnoll hits you with a whip of electrocution.
* * * LOW HITPOINT WARNING * * *
You are electrocuted!
You die...

.# .# #######.# #.
#.......#
#.###########@####..#
#..........##g#.....#
#..........##g#<....#
####........(.##g###...#
.............##.......#
....................>.#
......†.............#.#
####........(.######.#.#
.....###......# #.#.#


You could see 3 gnolls.

Vanquished Creatures
  2 adders
  A dart slug (D:1)
  A giant gecko (D:1)
  5 giant cockroaches
  5 goblins
  3 hobgoblins
  5 kobolds (D:1)
  A quokka (D:2)
  3 bats
  2 giant newts
  4 rats
32 creatures vanquished.

Notes
Turn   | Place    | Note
-------+----------+-------------------------------------------
     0 | D:1      | Gingerlord the Minotaur Fighter began the quest for the Orb.
     0 | D:1      | Reached XP level 1. HP: 19/19 MP: 0/0
   193 | D:1      | You fall through a shaft!
   196 | D:2      | Reached XP level 2. HP: 27/27 MP: 1/1
   226 | D:2      | Reached skill level 1 in Dodging
   493 | D:1      | Reached XP level 3. HP: 29/33 MP: 2/2
  1018 | D:3      | Found an oddly glowing altar of Pakellas.
  1047 | D:3      | Slain by a gnoll

Vault maps used:
D:1:      dpeg_arrival_more_subterranean_lakeside_camping
D:3:      grunt_pakellas_salt

Skill      XL: |  1  2  3 |
---------------+----------+-----
Dodging        | 1 |  1.4
Armour         | 4 |  4.2
Shields        | 4 |  4.1
Fighting       | 4 |  4.0
Axes           | |  2.9

Action                   || total
-------------------------++-------
Melee: War axe           ||    78
       Headbutt          ||    11
  Use: Scroll            ||     8
Armor: Chain mail        ||    37
Dodge: Dodged            ||    14
Block: Shield            ||    40
